 Dungeon Crawl Stone Soup version 0.17-a0-1945-gfe993df (webtiles) character file.

200 HungrySpirit the Shooter (level 5, -7/42 HPs)
             Began as a Centaur Arcane Marksman on Sept 30, 2015.
             Mangled by ololoev's ghost (8 damage)
             ... on level 4 of the Dungeon.
             The game lasted 00:05:54 (3705 turns).

HungrySpirit the Shooter (Centaur Arcane Marksman)  Turns: 3705, Time: 00:05:55

Health: -7/42      AC: 13    Str: 14    XL:     5   Next: 48%
Magic:  6/6        EV:  8    Int: 12    God:
Gold:   216        SH:  0    Dex:  8    Spells: 1 memorised, 5 levels left

rFire  + . .     SeeInvis .     y - -1 war axe (curse)
rCold  + . .     Clarity  .     o - +1 ring mail
rNeg   . . .     SustAt   .     (no shield)
rPois  +         Gourm    .     t - +0 helmet
rElec  +         Spirit   .     (no cloak)
rCorr  +         Warding  .     (no gloves)
rMut   .         Stasis   .     (no barding)
MR     .....                    (no amulet)
Stlth  ..........               (no ring)
                                l - +2 ring of protection

@: resistant, very quick, not resistant to hostile enchantments, extremely
unstealthy
A: hooves 3, rough black scales 1, deformed body, speed 2, tough skin 3
a: no special abilities


You were on level 4 of the Dungeon.
You were not hungry.

You visited 1 branch of the dungeon, and saw 4 of its levels.

You collected 216 gold pieces.

Inventory:

Hand weapons
 a - a +0 shortbow
 r - a +0 short sword of speed
 y - a cursed -1 war axe (weapon)
Missiles
 b - 29 arrows
Armour
 o - a +1 ring mail (worn)
 t - a +0 helmet (worn)
Jewellery
 l - a +2 ring of protection (left hand)
Magical devices
 c - a wand of enslavement (12)
 k - a wand of random effects (17)
Scrolls
 g - a scroll of fear
 h - 3 scrolls of identify
 i - 3 scrolls of teleportation
 w - 2 scrolls of enchant armour
 C - 2 scrolls of immolation {unknown}
Potions
 f - a potion of mutation
 m - a potion of curing
 n - a potion of heal wounds
 u - a potion of lignification
 A - a potion of magic
Books
 d - a book of Debilitation

   Spells                             Type                      Level
   a - Corona                         Hexes                        1
   b - Slow                           Hexes                        2
   c - Gell's Gravitas                Hexes/Translocation          3
   d - Inner Flame                    Hexes/Fire                   3
   e - Cause Fear                     Hexes                        4
   f - Leda's Liquefaction            Hexes/Earth                  4
Comestibles
 e - 4 bread rations
 j - 2 fruits
 v - a beef jerky
 z - 2 meat rations


   Skills:
 + Level 2.6 Fighting
 + Level 6.8 Bows
 - Level 1.3 Dodging
 - Level 1.0 Spellcasting
 - Level 2.6 Hexes


You had 5 spell levels left.
You knew the following spells:

 Your Spells              Type           Power        Failure   Level  Hunger
a - Corona                Hex            #......      24%         1    ##.....


Dungeon Overview and Level Annotations

Branches:
Dungeon (4/15)
 Temple: D:4-7

Altars:

Annotations:
D:4 ololoev's ghost, average HOFi


Innate Abilities, Weirdness & Mutations

You have hooves in place of feet.
Armour fits poorly on your strangely shaped body.
You cover ground very quickly.
You have extremely tough skin (AC +3).
You are partially covered in rough black scales (AC +4, Dex -1).


Message History

Ololoev's ghost hits you.
* * * LOW HITPOINT WARNING * * *
You closely miss ololoev's ghost.
Ololoev's ghost is heavily damaged.
Ololoev's ghost hits you but does no damage.
Ololoev's ghost hits you!
* * * LOW HITPOINT WARNING * * *
You hit ololoev's ghost but do no damage.
Ololoev's ghost is heavily damaged.
Ololoev's ghost shouts, "You will never get the ORB!"
Ololoev's ghost hits you.
* * * LOW HITPOINT WARNING * * *
You barely miss ololoev's ghost.
Ololoev's ghost is heavily damaged.
You feel less woody.
Your +0 helmet unmelds from your body.
Your +1 ring mail unmelds from your body.
Ololoev's ghost hits you but does no damage.
Ololoev's ghost hits you!
You die...

###.##.# #.# ... .... ..
#.# ##.# ...## ###.#
...# ..... #.# ..#
###### #.# ..# ..# #.#
#.# ####.### #.# #W#...
#... #.#
###########@#.##
#..#####.#
#.....#........#
#..#.....#
#####.#.###.#..#
#>....####
#...#.###.####.#.#######
#.###..<.......#.#.....#
####.#
#.......####.#.###.#
#....# ##....#.#
#.#.....# #.####
#....#.####.......#
#....#
#....#........#...#


You could see ololoev's ghost.

Vanquished Creatures
  A giant frog (D:3)
  An orc priest (D:3)
  Natasha (twice) (D:2)
  2 adders (D:2)
  An adder skeleton (D:4)
  2 worms
  3 giant geckos
  5 orcs (D:3)
  A giant cockroach (D:1)
  3 hobgoblins
  2 jackals (D:3)
  5 kobolds
  2 quokkas
  A ball python (D:3)
  4 bats
  3 giant newts
  3 goblins
  8 rats
49 creatures vanquished.

Notes
Turn   | Place    | Note
--------------------------------------------------------------
     0 | D:1      | HungrySpirit the Centaur Arcane Marksman began the quest for the Orb.
     0 | D:1      | Reached XP level 1. HP: 16/16 MP: 2/2
    84 | D:1      | Reached skill level 3 in Bows
   566 | D:1      | Reached XP level 2. HP: 14/23 MP: 3/3
   768 | D:1      | Reached skill level 4 in Bows
  1613 | D:2      | Reached XP level 3. HP: 28/28 MP: 4/4
  1620 | D:2      | Noticed Natasha
  1628 | D:2      | Killed Natasha
  1628 | D:2      | Reached skill level 5 in Bows
  1892 | D:2      | Noticed Natasha
  1898 | D:2      | Killed Natasha
  1898 | D:2      | Reached XP level 4. HP: 35/35 MP: 5/5
  2138 | D:3      | Reached skill level 6 in Bows
  3225 | D:4      | Reached XP level 5. HP: 37/41 MP: 6/6
  3668 | D:4      | Noticed ololoev's ghost (average HOFi)
  3671 | D:4      | Gained mutation: You can breathe flames. [potion of mutation]
  3671 | D:4      | Lost mutation: You can breathe flames. [potion of mutation]
  3671 | D:4      | Gained mutation: You are partially covered in rough black scales (AC +4, Dex -1). [potion of mutation]
  3704 | D:4      | HP: 2/63 [ololoev's ghost (6)]
  3705 | D:4      | Mangled by ololoev's ghost

Vault maps used:
D:1:      lemuel_arrival_tunnels
D:2:      lemuel_upstairs_altar, uniq_natasha
D:3:      first_bread
D:4:      lemuel_crystal_altar

Action                   |  1- 3 |  4- 6 || total
-------------------------+-------+-------++-------
Melee: Unarmed           |    26 |       ||    26
       Short sword       |    77 |    63 ||   140
       War axe           |       |    77 ||    77
 Fire: Shortbow          |    12 |    30 ||    42
  Use: Scroll            |       |     6 ||     6
       Potion            |       |     8 ||     8
  Eat: Chunk             |     2 |     4 ||     6
       Bread ration      |       |     1 ||     1
